Zazza, neutral female human Wizard ----------- ----------- |....|....--- |.........| |..``|``...>| |.........| |.........--- |.........| |....|....| |....<....| |-.--------- |.........| |..`.|.....| |.........| |....|.....| |.........| |..........| |.........| |....|.....----------------.| |....|......oo@..%..%.......| ----------------------------- Zazza the Thaumaturge Experience level: 6 Strength: 10 Dexterity: 15 Constitution: 16 Intelligence: 18 Wisdom: 10 Charisma: 12 Health: 0(53) Energy: 0(39) Def: 0 Gold: 182 Moves: 5966 Dungeon seed: lw9LsUXhNwJ6RX2J Game ID: Zazza_1577197811 Your Inventory: Coins $ - 182 gold pieces Amulets l - an uncursed amulet versus poison Weapons a - a blessed +1 quarterstaff q - a -1 dagger (weapon in hand) w - a cursed +0 spear A - a +0 sling I - a +0 dagger P - 5 +0 darts S - a +0 crossbow T - 5 +0 crossbow bolts U - a +0 scimitar Z - 5 +2 darts Armor e - an uncursed +0 orcish helm i - a blessed +1 pair of iron shoes r - an uncursed +0 orcish helm y - a cursed -2 pair of fumble boots z - an uncursed +0 dwarvish cloak N - a cursed -1 pair of levitation boots Comestibles j - an uncursed cram ration k - an uncursed tripe ration u - 3 uncursed food rations D - an uncursed pear H - 2 uncursed melons V - an uncursed cream pie Scrolls v - an uncursed scroll of enchant weapon E - a blessed scroll of earth F - an uncursed scroll of earth Spellbooks o - an uncursed spellbook of cause fear Potions f - a blessed potion of booze g - an uncursed potion of confusion h - an uncursed potion of gain ability p - a cursed potion of fruit juice t - an uncursed potion of sleeping x - 2 uncursed potions of healing G - an uncursed potion of restore ability J - a blessed potion of levitation W - a potion of unholy water Rings c - an uncursed ring of teleportation d - an uncursed ring of polymorph C - a cursed -1 ring of increase accuracy M - a cursed ring of teleportation Wands b - a wand of lightning (0:5) m - a wand of undead turning (0:7) B - a wand of magic missile (0:6) L - a wand of striking (0:8) O - a blessed wand of magic missile (0:4) R - a wand of magic missile (0:6) Tools s - an uncursed blindfold K - an uncursed towel Q - a blessed tallow candle (0:200) Y - an uncursed tin whistle Gems n - an uncursed worthless piece of red glass Spells and supernatural/magical abilities: Name Level Category Fail Memory a - force bolt 1 attack 0% 71% c - cause fear 3 enchantment 0% 89% v - clairvoyance 3 divination 77% 86% x - extra healing 3 healing 77% 86% z - sleep 1 enchantment 0% 71% W - pray for help -- divine ? -- Your skills at the end: Fighting Skills Weapon Skills dagger [Basic] quarterstaff [Basic] Spellcasting Skills attack spells [Skilled] enchantment spells [Basic] Final Attributes: You were piously aligned. You were poison resistant. You are dead. Vanquished creatures: a small mimic a leprechaun a dog a wood nymph 2 Uruk-hai 2 rock piercers a fog cloud 2 shriekers a gnome lord a black naga hatchling a golden naga hatchling a straw golem a giant ant a little dog 2 floating eyes 2 kittens a dwarf a kobold lord 7 hill orcs 3 giant bats 3 dwarf zombies 2 iguanas 3 coyotes a gas spore 2 hobbits 2 manes 2 large kobolds 2 hobgoblins 8 giant rats 3 cave spiders a brown mold a yellow mold a green mold a red mold 5 gnomes 2 garter snakes 8 geckos 7 jackals a kobold 3 goblins 2 sewer rats 3 grid bugs 6 lichens 8 newts 110 creatures vanquished. Voluntary challenges: You had been an atheist until turn 4996. You used a wielded weapon 114 times, starting on turn 111. You read items or engraved 26 times, starting on turn 1712. You never genocided any monsters. You never polymorphed an object. You changed form 3 times, starting on turn 177. You used no wishes. You never split a pudding. You never wrote Elbereth's name. You violated your moral code, losing 40 points of alignment, starting on turn 5026. Dungeon overview: The Dungeons of Doom: levels 1 to 7 Level 1 some fountains a long staircase Level 2 (gold) a general store Level 3 a fountain a long staircase Level 4 a weapon shop Level 5 Level 6 many fountains Level 7 stairs to Sokoban Sokoban: levels 5 to 6 Level 5 <- You were here Level 6 stairs to The Dungeons of Doom History has recorded: On T:1 you entered the Dungeons of Doom to retrieve the Amulet of Yendor! On T:966 you reached level 2 of The Dungeons of Doom. On T:992 you advanced to experience level 2. On T:1443 you advanced to experience level 3. On T:1564 you advanced to experience level 4. On T:1662 you reached level 3 of The Dungeons of Doom. On T:2186 you reached level 4 of The Dungeons of Doom. On T:2873 you advanced to experience level 5. On T:2990 you reached level 5 of The Dungeons of Doom. On T:3618 you reached level 6 of The Dungeons of Doom. On T:3892 you reached level 7 of The Dungeons of Doom. On T:4315 you reached level 4 of Sokoban. On T:4760 you reached level 3 of Sokoban. On T:4797 you advanced to experience level 6. Score breakdown: Gold: 182 ( 7696 points) Experience: 6 levels (12456 points) Exploration: 7 levels ( 15.22%) (10954 points) Discoveries: 13 items ( 4.50%) ( 6362 points) Valuables value: (no points given unless you survive) Artifact value: 0 ( 0 points) Variety of kills: 44 monsters ( 11.55%) (10194 points) Turncount: 5966 turns (-1615 points) Survival: died (score multiplied by 80%) Total score: 36837 Latest messages: The Uruk-hai hits! You are now more skilled in dagger. You hit the Uruk-hai. The Uruk-hai swings her orcish bow. The Uruk-hai hits! You hit the Uruk-hai. The spell hits the Uruk-hai! You kill the Uruk-hai! The spell hits the Uruk-hai! There are several objects here. The Uruk-hai hits! (2x) You miss the Uruk-hai. You hit the Uruk-hai. The Uruk-hai hits! You miss the Uruk-hai. The Uruk-hai hits! You hit the Uruk-hai. You miss the Uruk-hai. The Uruk-hai hits! You hit the Uruk-hai. The Uruk-hai hits! You die... Final status: Goodbye Zazza the Wizard, killed by an Uruk-hai... You died in Sokoban on dungeon level 5 with 36837 points, and 182 pieces of gold, after 5966 moves. You were level 6 with a maximum of 53 hit points when you died.